 Dungeon Crawl Stone Soup version 0.25.0-33-gff14898491 (webtiles) character file.

Game seed: 8298081227018708051

48265 Peloso the Carver (level 14, -1/111 HPs)
             Began as a Demonspawn Fighter on July 6, 2020.
             Was the Champion of Okawaru.
             Killed by divine providence
             ... invoked by an orc priest
              (11 damage)
             ... on level 2 of the Orcish Mines.
             The game lasted 01:05:40 (18304 turns).

Peloso the Carver (Demonspawn Fighter)             Turns: 18304, Time: 01:05:44

Health: -1/111     AC: 25    Str: 27    XL:     14   Next: 11%
Magic:  15/15      EV: 11    Int: 10    God:    Okawaru [******]
Gold:   1556       SH: 14    Dex: 19    Spells: 13/13 levels left

rFire    . . .     SeeInvis +   a - +4 demon blade (flame)
rCold    + . .     Gourm    .   c - +0 kite shield
rNeg     . . .     Faith    .   d - +1 crystal plate armour
rPois    .         Spirit   .   v - +2 helmet {SInv}
rElec    +         Reflect  .   K - +1 cloak of Starlight {rElec rC+ EV+4 Stlth--}
rCorr    .         Harm     .   o - +1 pair of gloves {archery}
MR       +....                  r - +0 pair of boots {Fly}
Stlth    ..........             I - amulet of regeneration
HPRegen  0.68/turn              s - +6 ring of dexterity
MPRegen  0.14/turn              h - +6 ring of strength

@: about to teleport, corroded, flying
A: talons 2, thin metallic scales 2, powered by death 2, spiny 2
a: Heroism, Finesse, Renounce Religion, Stop Flying


You were on level 2 of the Orcish Mines.
You worshipped Okawaru.
Okawaru was exalted by your worship.
You were not hungry.

You visited 3 branches of the dungeon, and saw 18 of its levels.
You also visited: Bailey, Gauntlet and Volcano.

You collected 2652 gold pieces.
You spent 1096 gold pieces at shops.

Inventory:

Hand Weapons
 a - a +4 demon blade of flaming (weapon)
 b - a +3 scimitar of electrocution
 z - the +5 hand crossbow of Xymuf {elec, MR++ Int+2}
   (You found it on level 1 of the Lair of Beasts)

   It charges the ammunition it shoots with electricity; occasionally upon a
   hit, such missiles may discharge and cause terrible harm.
   It affects your intelligence (+2).
   It affects your resistance to hostile enchantments.
Armour
 c - a +0 kite shield (worn)
 d - a +1 crystal plate armour (worn)
 o - a +1 pair of gloves of archery (worn)
 r - a +0 pair of boots of flying (worn)
 v - a +2 helmet of see invisible (worn)
 K - the +1 cloak of Starlight (worn) {rElec rC+ EV+4 Stlth--}
   (You acquired it on level 2 of the Orcish Mines)

   It affects your evasion (+4).
   It protects you from cold.
   It insulates you from electricity.
   It makes you much less stealthy.
 L - a +2 cloak
Jewellery
 g - a +6 ring of strength
 h - a +6 ring of strength (right hand)
 i - an uncursed ring of resist corrosion
 p - an uncursed ring of stealth
 s - a +6 ring of dexterity (left hand)
 x - the ring "Sevvog" {rElec MR- EV+4 Str+5}
   (You found it in a Gauntlet)

   [ring of evasion]

   It affects your evasion (+4).
   It affects your strength (+5).
   It insulates you from electricity.
   It affects your resistance to hostile enchantments.
 y - an uncursed amulet of guardian spirit {unknown}
 B - an uncursed ring of protection from cold
 H - a +6 ring of intelligence
 I - an amulet of regeneration (around neck)
 N - an uncursed amulet of reflection {unknown}
Wands
 n - a wand of flame (39)
 G - a wand of disintegration (13)
Scrolls
 e - 3 scrolls of noise
 j - a scroll of summoning
 k - 4 scrolls of teleportation
 l - a scroll of identify
 m - 5 scrolls of amnesia
 q - 11 scrolls of remove curse
 D - a scroll of fog
 P - a scroll of magic mapping
 R - 4 scrolls of blinking
Potions
 t - 10 potions of curing
 u - 2 potions of resistance
 A - 9 potions of haste
 C - a potion of mutation
 E - 3 potions of berserk rage
 J - 4 potions of stabbing
 O - 4 potions of heal wounds
 W - 5 potions of might
 X - a potion of experience
Comestibles
 f - 28 rations
 w - 5 chunks of flesh


   Skills:
 + Level 10.3 Fighting
 + Level 14.0 Long Blades
 + Level 9.6 Armour
 + Level 4.3 Dodging
 + Level 1.0 Stealth
 + Level 11.8 Shields
 + Level 2.2 Invocations


You had 13 spell levels left.
You didn't know any spells.
Your spell library contained the following spells:

 Spells                   Type           Power        Failure   Level  Hunger
 Beastly Appendage        Tmut           #.....       100%        1    ##.....
 Infusion                 Chrm           #...         100%        1    ##.....
 Sting                    Tmut/Pois      #...         100%        1    ##.....
 Summon Butterflies       Summ           #.......     100%        1    ##.....
 Poisonous Vapours        Pois/Air       #.....       100%        2    ###....
 Shroud of Golubria       Chrm/Tloc      #.....       100%        2    ###....
 Song of Slaying          Chrm           #.......     100%        2    ###....
 Sticks to Snakes         Tmut           #.......     100%        2    ###....
 Call Canine Familiar     Summ           #.......     100%        3    ####...
 Ignite Poison            Fire/Tmut/Pois #.......     100%        3    ####...
 Mephitic Cloud           Conj/Pois/Air  #.......     100%        3    ####...
 Ozocubu's Armour         Chrm/Ice       #.......     100%        3    ####...
 Spectral Weapon          Hex/Chrm       #.......     100%        3    ####...
 Spider Form              Tmut/Pois      #.........   100%        3    ####...
 Ice Form                 Ice/Tmut       #.......     100%        4    #####..
 Olgreb's Toxic Radiance  Pois           #.......     100%        4    #####..
 Summon Ice Beast         Ice/Summ       #.......     100%        4    #####..
 Blade Hands              Tmut           #.........   100%        5    ######.
 Summon Mana Viper        Hex/Summ       #.......     100%        5    ######.
 Summon Hydra             Summ           #.........   100%        7    #######


Dungeon Overview and Level Annotations

Branches:
Dungeon (12/15)            Temple (0/1) D:7            Lair (4/6) D:10
  Swamp (0/4) Lair:4       Spider (0/4) Lair:3          Orc (2/2) D:12
 Bailey (visited)         Volcano (visited)         Gauntlet (visited)
    Elf: Orc:2

Altars:
Dithmenos
Elyvilon
Kikubaaqudgha
Okawaru
Qazlal
Ru
Vehumet
Xom
Yredelemnul

Shops:
Orc:1 *   Orc:2 %?


Innate Abilities, Weirdness & Mutations

You have razor-sharp toenails.
You are mostly covered in thin metallic scales. (AC +3)
You regenerate health from kills.
You are mostly covered in sharp spines.


Message History

As you read the scroll of teleportation, it crumbles to dust.
You feel strangely unstable. The orc warrior closely misses you.
The orc warrior barely misses you.
You riposte.
You hit the orc warrior but do no damage.
The orange demon stings you but does no damage.
The orc sorcerer casts a spell.
Unknown command.
You slash the orc warrior! You burn the orc warrior.
The orc warrior is almost dead.
The orc knight is struck by your spines.
The orc knight closely misses you.
You riposte.
You hit the orc knight. You burn the orc knight.
The orc knight is severely wounded.
The orc warrior hits you with a +0 glaive of freezing!!
* * * LOW HITPOINT WARNING * * *
The orc warrior freezes you.
* * * LOW HITPOINT WARNING * * *
The orc priest calls down the wrath of Beogh upon you.
Beogh smites you!
You die...

[[.## .#####......##...# ..##
...# #.#))#.####.## .##
..#3###.....##.#.### ##
....###.))........## ### #
#o..###...#.......###.##
#.o.###..........##...#
#..4###..........#..##
#)oo###...#..#.#...##
##)#@###......###...#
##oo.###.....###..##
##.#.###.......#...## .#
##...###........#....# ..##
##...###)))............ ..##
##.).###..##...........# # ...##
##...###..###...........#
###...###...###..###...........##
)##....#....##..###..............


You could see 2 orc knights, an orange demon, a sixfirhy (summoned), an orc
sorcerer (strong), 2 orc warriors and an orc priest (strong).

Vanquished Creatures
  Kirke (D:12)
  2 orc warlords
  An entropy weaver (Gauntlet)
  A minotaur (Gauntlet)
  3 hydras
  Erica (D:9)
  A two-headed ogre (D:8)
  A death scarab (Gauntlet)
  2 orc high priests (Orc:2)
  A soul eater (Orc:2)
  2 skeletal warriors (Volcano)
  A sixfirhy (Orc:2)
  A wizard (Gauntlet)
  An unseen horror (D:11)
  An obsidian statue (Lair:1)
  An anaconda skeleton (Volcano)
  An orc knight (Orc:2)
  A wolf spider (Gauntlet)
  An orc sorcerer (Orc:2)
  2 oklob plants (Lair:1)
  An ugly thing (D:12)
  Psyche (D:9)
  A centaur zombie (D:11)
  A rust devil (Orc:2)
  Maurice (D:8)
  2 black mambas
  A torpor snail (Lair:2)
  5 spiny frogs
  2 minotaur zombies (Gauntlet)
  5 gargoyles
  4 komodo dragons
  A red devil (D:8)
  A hellwing (Orc:2)
  2 jumping spiders
  10 trolls
  A harpy skeleton (Volcano)
  A meliai zombie (D:12)
  2 hippogriffs
  2 flying skulls (Volcano)
  A redback (Lair:3)
  A hog (D:12)
  2 wyverns
  42 yaks
  2 hungry ghosts
  3 basilisks
  Eustachio (D:6)
  3 wargs
  4 swamp worms (Lair:4)
  7 water moccasins
  3 porcupines
  A spectral torpor snail (Gauntlet)
  A sky beast (D:12)
  2 black bears
  3 ice beasts
  30 orc warriors
  3 ogres
  An eye of draining (D:12)
  A necrophage (D:11)
  6 phantoms
  5 centaurs
  5 crocodiles
  10 wolves (Lair:3)
  3 big kobolds
  17 bullfrogs
  A wyvern skeleton (D:10)
  2 scorpions
  4 killer bees (D:9)
  An electric eel (Lair:2)
  A spriggan skeleton (Volcano)
  6 wights
  A troll skeleton (Volcano)
  5 crimson imps
  A bullfrog zombie (D:12)
  8 hounds
  A quasit (D:11)
  A jelly (D:10)
  5 bullfrog skeletons
  27 orc priests
  4 centaur skeletons
  19 orc wizards
  7 iguanas
  9 worker ants
  A naga skeleton (Volcano)
  3 hound skeletons
  2 gnolls (Bailey)
  15 adders
  A howler monkey skeleton (D:3)
  2 shadow imps
  2 adder skeletons
  An adder zombie (D:10)
  4 worms
  2 dart slugs
  4 leopard geckos
  74 orcs
  7 giant cockroaches
  9 goblins
  13 hobgoblins
  6 quokkas
  2 ball pythons
  7 bats
  9 frilled lizards
  29 kobolds
  8 rats
  2 plants (Lair:1)
533 creatures vanquished.

Vanquished Creatures (others)
  A flying skull (Volcano)
  2 fungi (Lair:2)
  4 plants (Lair:2)
7 creatures vanquished.

Grand Total: 540 creatures vanquished

Notes
Turn   | Place    | Note
-------+----------+-------------------------------------------
     0 | D:1      | Peloso the Demonspawn Fighter began the quest for the Orb.
     0 | D:1      | Reached XP level 1. HP: 18/18 MP: 1/1
   321 | D:1      | Gained mutation: You regenerate a little health from kills.
                  | [demonic ancestry]
   321 | D:1      | Reached XP level 2. HP: 24/24 MP: 2/2
   761 | D:1      | Reached skill level 2 in Long Blades
   812 | D:1      | Reached XP level 3. HP: 29/29 MP: 3/3
  1843 | D:3      | Found a faded altar of an unknown god.
  1883 | D:3      | Gained mutation: You are partially covered in thin metallic
                  | scales. (AC +2) [demonic ancestry]
  1883 | D:3      | Reached XP level 4. HP: 21/37 MP: 4/4
  2509 | D:4      | Noticed a hungry ghost
  2532 | D:4      | Paralysed by fainting for 10 turns
  2544 | D:4      | Killed a hungry ghost
  2544 | D:4      | Reached XP level 5. HP: 32/42 MP: 5/5
  2549 | D:4      | Reached skill level 3 in Long Blades
  2677 | D:4      | Gained mutation: You have sharp toenails. [demonic
                  | ancestry]
  2677 | D:4      | Reached XP level 6. HP: 39/48 MP: 6/6
  3222 | D:4      | Reached skill level 4 in Long Blades
  3222 | D:4      | Gained mutation: You regenerate health from kills. [demonic
                  | ancestry]
  3222 | D:4      | Reached XP level 7. HP: 41/54 MP: 7/7
  3405 | D:4      | Reached skill level 1 in Dodging
  3845 | D:5      | Entered Level 5 of the Dungeon
  4064 | D:5      | Reached skill level 5 in Long Blades
  4091 | D:5      | Found a radiant altar of Vehumet.
  4138 | D:5      | Found a shadowy altar of Dithmenos.
  4177 | D:5      | HP: 2/55 [orc/+0 trident (2)]
  4178 | D:5      | Gained mutation: You are partially covered in sharp spines.
                  | [demonic ancestry]
  4178 | D:5      | Reached XP level 8. HP: 2/61 MP: 8/8
  4531 | D:6      | Found a shadowy altar of Dithmenos.
  4581 | D:6      | Noticed Eustachio
  4597 | D:6      | Reached skill level 5 in Fighting
  4597 | D:6      | Reached skill level 5 in Armour
  4597 | D:6      | Reached skill level 5 in Shields
  4612 | D:6      | Killed Eustachio
  4612 | D:6      | Reached skill level 6 in Long Blades
  4613 | D:6      | Found a shadowy altar of Dithmenos.
  5159 | D:6      | Found a stormy altar of Qazlal.
  5163 | D:6      | Found a white marble altar of Elyvilon.
  5166 | D:6      | Found an iron altar of Okawaru.
  5397 | D:6      | Became a worshipper of Warmaster Okawaru
  5558 | D:7      | Reached XP level 9. HP: 35/68 MP: 9/9
  5562 | D:7      | Reached * piety under Okawaru
  5725 | D:7      | Found a shimmering altar of Xom.
  5726 | D:7      | Found a shimmering altar of Xom.
  5728 | D:7      | Found a shimmering altar of Xom.
  5729 | D:7      | Found a shimmering altar of Xom.
  5729 | D:7      | Found a shimmering altar of Xom.
  5730 | D:7      | Found a shimmering altar of Xom.
  5757 | D:7      | Found a shimmering altar of Xom.
  5889 | D:7      | Found a staircase to the Ecumenical Temple.
  5970 | D:7      | Reached skill level 7 in Long Blades
  6196 | D:7      | Noticed a jumping spider
  6309 | D:8      | Found a basalt altar of Yredelemnul.
  6472 | D:8      | Noticed a red devil
  6474 | D:8      | Noticed a hell beast
  6476 | D:8      | Noticed a two-headed ogre
  6478 | D:8      | Noticed Maurice
  6480 | D:8      | Found a basalt altar of Yredelemnul.
  6481 | D:8      | Noticed a rust devil
  6482 | D:8      | Noticed an orange demon
  6483 | D:8      | Noticed a hell beast
  6500 | D:8      | Killed Maurice
  6500 | D:8      | Reached ** piety under Okawaru
  6505 | D:8      | Killed a two-headed ogre
  6505 | D:8      | Reached skill level 8 in Long Blades
  6514 | D:8      | Reached *** piety under Okawaru
  6514 | D:8      | Gained mutation: You have razor-sharp toenails. [demonic
                  | ancestry]
  6514 | D:8      | Reached XP level 10. HP: 38/76 MP: 10/10
  6832 | D:7      | Found an ancient bone altar of Kikubaaqudgha.
  7125 | D:9      | Noticed Psyche
  7138 | D:9      | Killed Psyche
  7300 | D:9      | Found a sacrificial altar of Ru.
  7406 | D:9      | Reached skill level 9 in Long Blades
  7598 | D:9      | Noticed Erica
  7607 | D:9      | Killed Erica
  7666 | D:9      | Reached **** piety under Okawaru
  7818 | D:10     | Entered Level 10 of the Dungeon
  8127 | D:10     | Found a staircase to the Lair.
  8627 | D:10     | Reached skill level 10 in Long Blades
  8627 | D:10     | Gained mutation: You are mostly covered in thin metallic
                  | scales. (AC +3) [demonic ancestry]
  8627 | D:10     | Reached XP level 11. HP: 61/84 MP: 11/11
  8935 | D:11     | Reached ***** piety under Okawaru
  9171 | D:11     | Killed an unseen horror
  9756 | D:12     | Noticed Kirke
  9764 | D:12     | Killed Kirke
  9764 | D:12     | Received a gift from Okawaru
  9764 | D:12     | Reached skill level 1 in Invocations
  9827 | D:12     | Found a flagged portal.
  9854 | Bailey   | Entered a bailey
  9859 | Bailey   | Noticed an orc warlord
  9974 | Bailey   | Found a runed translucent gate.
  9975 | Bailey   | Found a runed translucent gate.
  9976 | Bailey   | Found a runed translucent gate.
 10139 | Bailey   | Killed an orc warlord
 10139 | Bailey   | Reached skill level 11 in Long Blades
 10174 | Bailey   | Got a fine spear
 10396 | D:12     | Noticed a cyan ugly thing
 10410 | D:12     | Killed a cyan ugly thing
 10522 | D:12     | Identified the +9 spear of Karma {antimagic, Int+4 Dex+4}
                  | (You found it in a bailey)
 10594 | D:12     | Reached XP level 12. HP: 84/92 MP: 12/12
 10601 | D:12     | Found a staircase to the Orcish Mines.
 11189 | Lair:1   | Entered Level 1 of the Lair of Beasts
 11243 | Lair:1   | Found a gate leading to a gauntlet.
 11318 | Gauntlet | Entered a Gauntlet
 11318 | Gauntlet | Found a large runed translucent door.
 11318 | Gauntlet | Found a large runed translucent door.
 11318 | Gauntlet | Found a large runed translucent door.
 11318 | Gauntlet | Found a large runed translucent door.
 11318 | Gauntlet | Found a large runed translucent door.
 11318 | Gauntlet | Found a large runed translucent door.
 11318 | Gauntlet | Found a transporter.
 11318 | Gauntlet | Found a large runed translucent door.
 11318 | Gauntlet | Found a large runed translucent door.
 11318 | Gauntlet | Found a runed translucent door.
 11318 | Gauntlet | Found a runed translucent gate.
 11318 | Gauntlet | Found a runed translucent gate.
 11318 | Gauntlet | Found a transporter.
 11318 | Gauntlet | Found a transporter.
 11319 | Gauntlet | Found a runed translucent door.
 11319 | Gauntlet | Found a runed translucent gate.
 11324 | Gauntlet | Found a large runed translucent door.
 11324 | Gauntlet | Found a large runed translucent door.
 11324 | Gauntlet | Found a large runed translucent door.
 11324 | Gauntlet | Found a large runed translucent door.
 11325 | Gauntlet | Found a large runed translucent door.
 11325 | Gauntlet | Found a large runed translucent door.
 11326 | Gauntlet | Found a large runed translucent door.
 11326 | Gauntlet | Found a large runed translucent door.
 11340 | Gauntlet | Found a transporter.
 11356 | Gauntlet | Found a transporter.
 11359 | Gauntlet | Found a transporter.
 11385 | Gauntlet | Found a transporter.
 11392 | Gauntlet | Found the +5 demon whip "Spellbinder" {antimagic, MR+}
 11394 | Gauntlet | Found a transporter.
 11399 | Gauntlet | Found a transporter.
 11400 | Gauntlet | Found a transporter.
 11408 | Gauntlet | Found a transporter.
 11411 | Gauntlet | Found a transporter.
 11412 | Gauntlet | Noticed a death scarab
 11453 | Gauntlet | Noticed an entropy weaver
 11516 | Gauntlet | Killed a death scarab
 11594 | Gauntlet | Killed an entropy weaver
 11598 | Gauntlet | Reached ****** piety under Okawaru
 11598 | Gauntlet | Reached skill level 10 in Shields
 11613 | Gauntlet | Received a gift from Okawaru
 11631 | Gauntlet | Got a glittering jade ring
 11633 | Gauntlet | Identified the ring "Sevvog" {rElec MR- EV+4 Str+5} (You
                  | found it in a Gauntlet)
 11667 | Gauntlet | Identified the -6 kite shield "Poosi" {Harm rC+ Regen+}
 11667 | Gauntlet | Noticed a minotaur
 11676 | Gauntlet | Killed a minotaur
 11676 | Gauntlet | Reached skill level 12 in Long Blades
 12537 | Lair:1   | Got a faintly glowing pewter ring
 12546 | Lair:1   | Got a scorched hand crossbow
 12801 | Lair:1   | Identified the ring of Vujaint {*Contam Int+3 Dex+7 Stlth+}
                  | (You found it on level 1 of the Lair of Beasts)
 12817 | Lair:1   | Identified the +5 hand crossbow of Xymuf {elec, MR++ Int+2}
                  | (You found it on level 1 of the Lair of Beasts)
 13339 | Lair:2   | Noticed a five-headed hydra
 13346 | Lair:2   | Killed a two-headed hydra
 13467 | Lair:2   | Reached XP level 13. HP: 69/101 MP: 14/14
 13475 | Lair:2   | Found a dark tunnel.
 13484 | Volcano  | Entered a volcano
 13666 | Volcano  | Received a gift from Okawaru
 13684 | Volcano  | Got a polished triple sword {god gift}
 14505 | Lair:3   | Found a hole to the Spider Nest.
 14614 | Lair:3   | Reached skill level 13 in Long Blades
 15621 | Lair:4   | Reached skill level 1 in Stealth
 16273 | Lair:4   | Received a gift from Okawaru
 16276 | Lair:4   | Got a bone fustibalus {god gift}
 16299 | Lair:4   | Found a staircase to the Swamp.
 16856 | Orc:1    | Entered Level 1 of the Orcish Mines
 16998 | Orc:1    | Found Koekam's General Store.
 17027 | Orc:1    | Bought a scroll of enchant weapon for 127 gold pieces
 17027 | Orc:1    | Bought 2 potions of might for 136 gold pieces
 17234 | Orc:2    | Entered Level 2 of the Orcish Mines
 17259 | Orc:2    | Noticed an orc warlord
 17416 | Orc:1    | Killed an orc warlord
 17416 | Orc:1    | Reached skill level 10 in Fighting
 17852 | Orc:2    | Found Coat's Food Emporium.
 17878 | Orc:2    | Received a gift from Okawaru
 17936 | Orc:2    | Found Rucygaeh's Magic Scroll Shoppe.
 17967 | Orc:2    | Gained mutation: You are mostly covered in sharp spines.
                  | [demonic ancestry]
 17967 | Orc:2    | Reached XP level 14. HP: 110/110 MP: 15/15
 18005 | Orc:2    | Bought a scroll of acquirement for 728 gold pieces
 18005 | Orc:2    | Bought a scroll of enchant weapon for 105 gold pieces
 18007 | Orc:2    | Found the +1 cloak of Starlight {rElec rC+ EV+4 Stlth--}
 18013 | Orc:2    | Got the +1 cloak of Starlight {rElec rC+ EV+4 Stlth--}
 18276 | Orc:2    | Reached skill level 14 in Long Blades
 18304 | Orc:2    | Killed from afar by an orc priest

Illustrated notes

Levels and vault maps discovered:
D:1:      lemuel_arrival_broad_hall, layout_basic
D:2:      layout_rooms, chequers_serial_rivers_room_b, chequers_mini_garden
D:3:      layout_basic, first_ration, chequers_ecumenical_altar_grove
D:4:      layout_cave_pods, minmay_joined_circles
D:5:      layout_cave_pods, lemuel_round_altar,
          nicolae_dithmenos_through_a_glass_darkly
D:6:      layout_basic, minmay_overflow_temple_star_quad,
          hangedman_feature_mirror, minmay_misc_feat_pillars, uniq_eustachio
D:7:      lemuel_upstairs_altar, layout_loops_ring,
          minmay_temple_entry_glassed_door, xom_shifter_show
D:8:      layout_rooms, basic_altar, lemuel_hellish_altar, uniq_maurice
D:9:      layout_loops_ring, marbit_many_paths, uniq_erica, uniq_psyche
D:10:     layout_irregular_city, lair_entry_dummy
D:11:     layout_loops_corners, blue_anna_alchemist [blue_anna_fruit_fields,
          blue_anna_fruit_fields]
D:12:     layout_long_grid, david_orc_3, enter_bailey_2, uniq_kirke
Lair:1:   statuecave_lemuel, layout_loops_ring, gauntlet_entry_generic,
          minmay_lair_oklob_chamber, serial_bayou_shore_b
Lair:2:   layout_long_grid, nicolae_volcano_entry_hallway,
          serial_bayou_lagoon_a, serial_bayou_shore_b
Lair:3:   layout_cave_pods, spider_nest_entry_a
Lair:4:   layout_cave_pods, palyth_hydra_swamp_entry, grunt_megastairs_1
Orc:1:    layout_diamond_mine, serial_shops, nicolae_shop_behind_doors,
          uniq_erolcha, uniq_josephine
Orc:2:    pf_orc_diabolical, layout_caves

Skill      XL: |  1  2  3  4  5  6  7  8  9 10 11 12 13 14 |
---------------+-------------------------------------------+-----
Armour         | 3 4 5 6 7 8 9 |  9.6
Long Blades    | 2 3 4 5 6 8 10 11 12 13 14 | 14.0
Shields        | 3 4 6 7 9 10 11 | 11.8
Fighting       | 4 5 6 7 8 9 10 | 10.3
Dodging        | 1 2 3 4 |  4.3
Invocations    | 1 2 |  2.2
Stealth        | 1 |  1.0

Action                   |  1- 3 |  4- 6 |  7- 9 | 10-12 | 13-15 || total
-------------------------+-------+-------+-------+-------+-------++-------
Melee: Long sword        |   160 |   155 |   294 |   115 |       ||   724
       Kick              |       |    23 |   138 |     6 |       ||   167
       Scimitar          |       |       |       |   608 |    83 ||   691
       Demon blade       |       |       |       |       |   523 ||   523
Invok: Heroism           |       |       |     1 |     6 |     1 ||     8
       Finesse           |       |       |       |     1 |       ||     1
Evoke: Wand              |       |       |       |       |     4 ||     4
  Use: Potion            |       |       |     2 |     9 |       ||    11
       Scroll            |       |       |       |    21 |     6 ||    27
  Eat: Chunk             |     3 |     7 |    11 |    19 |    12 ||    52
       Ration            |       |     1 |       |     2 |     1 ||     4
Armor: Scale mail        |    63 |       |       |       |       ||    63
       Fire dragon scale |    31 |   107 |   158 |   125 |       ||   421
       Crystal plate arm |       |       |       |   239 |   121 ||   360
       Plate armour      |       |       |       |       |    99 ||    99
Dodge: Dodged            |    48 |    39 |   113 |   173 |   126 ||   499
Block: Kite shield       |   106 |    88 |   181 |   511 |   376 ||  1262
       Rpst.: Long sword |    14 |    10 |    30 |     5 |       ||    59
       Scimitar          |       |       |       |    33 |     2 ||    35
       Demon blade       |       |       |       |       |    25 ||    25
